 Dungeon Crawl Stone Soup version 0.31-a0-920-g28cbb04a8c (webtiles) character file.

Game seed: 97865104689055635

32 kae the Vexing (level 3, 0/25 HPs)
             Began as a Demonspawn Enchanter on Oct 17, 2023.
             Slain by a worm (10 damage)
             ... on level 2 of the Dungeon.
             The game lasted 00:00:42 (1288 turns).

kae the Vexing (Demonspawn Enchanter)               Turns: 1288, Time: 00:00:43

Health: 0/25       AC:  3    Str:  8    XL:     3   Next: 8%
Magic:  6/6        EV: 12    Int: 18    God:
Gold:   92         SH:  0    Dex: 13    Spells: 4/6 levels left

rFire   . . .        a - +2 dagger
rCold   . . .        (no shield)
rNeg    . . .        b - +1 robe
rPois   .            (no helmet)
rElec   .            (no cloak)
rCorr   .            (no gloves)
SInv    .            (no boots)
Will    .....        (no amulet)
Stlth   ++           (no ring)
HPRegen 0.24/turn    (no ring)
MPRegen 0.10/turn

%: no passive effects
@: no status effects
A: weakness stinger 1
a: no special abilities


You were on level 2 of the Dungeon.
You visited 1 branch of the dungeon, and saw 2 of its levels.

You collected 92 gold pieces.


Innate Abilities, Weirdness & Mutations

You have a small tail.


   Skills:
 + Level 0.5 Fighting
 * Level 1.5 Short Blades
 + Level 2.0 Dodging
 + Level 2.8 Stealth
 + Level 2.1 Spellcasting
 * Level 3.4 Hexes


You had 4 spell levels left.
You knew the following spells:

 Your Spells              Type           Power      Damage    Failure   Level
a - Ensorcelled Hibernat  Hex/Ice        16%        N/A       14%         2

Your spell library contained the following spells:

 Spells                   Type           Power      Damage    Failure   Level
 Confusing Touch          Hex            14%        N/A       13%         3
 Tukima's Dance           Hex            14%        N/A       13%         3
 Sandblast                Erth           2%         2d4       19%         1
 Passwall                 Tmut/Erth      0%         N/A       26%         2
 Dazzling Flash           Conj/Hex       16%        N/A       26%         3
 Stone Arrow              Conj/Erth      2%         3d7       47%         3
 Brom's Barrelling Bould  Conj/Erth      1%         2d3       87%         4

Inventory:

Hand Weapons
 a - a +2 dagger (weapon)
Missiles
 d - 19 stones
 h - 4 javelins
Armour
 b - a +1 robe (worn)
Jewellery
 G - an amulet of guardian spirit
   (You found it on level 2 of the Dungeon)
Scrolls
 e - 2 scrolls of teleportation {unknown}
 i - a scroll of revelation {unknown}
Potions
 c - 2 potions of invisibility
 f - a potion of curing {@q1}
 g - 2 potions of attraction {unknown}

Dungeon Overview and Level Annotations

Branches:
Dungeon (2/15) Zot: 10709

Altars:

...#.# # #.# ##.#.#### #
#.# #.......# #.#
###..#.##.# ##+# #.#
#......##.# ##...##.#
#.#..####.# #.....#.#
#!#..# #.#
.......$###.#..####[#
......S@............####
......w.................
........###....########.
(......## #.#.## #.
#.....# #.### #. ##...#
#.# ## ##+# #.. #..


You could see a worm and an adder.


Message History

No target in view!
No target in view!
Found a stone staircase leading up.
No target in view!
No target in view!
You open the door.
A goblin comes into view. It is wielding a +0 club.
The goblin shouts!
The goblin barely misses you.
There is an open door here.
You hit the goblin.
You kill the goblin!
You now have 82 gold pieces (gained 9).
A frilled lizard comes into view.
The frilled lizard hisses angrily.
A frilled lizard is nearby!
A frilled lizard is nearby!
The frilled lizard bites you but does no damage.
You hit the frilled lizard.
You kill the frilled lizard!
Found an escape hatch in the floor.
No target in view!
No target in view!
You see here a +0 robe.
You open the door.
Found a stone staircase leading down.
No target in view!
No target in view!
There is an open door here.
h - 4 javelins You now have 92 gold pieces (gained 10).
You open the door.
There is an open door here.
Found a stone staircase leading up.
No target in view!
No target in view!
Found a stone staircase leading down.
No target in view!
No target in view!
A kobold comes into view. It is wielding a +0 whip.
The kobold shouts!
A kobold is nearby!
A kobold is nearby!
The kobold closely misses you.
You hit the kobold.
You tail-slap the kobold, but do no damage.
The kobold hits you with a +0 whip. 😕 HP[-1]
You take 1 damage, and now have 24/25 hp.
A kobold is nearby!
You miss the kobold. You tail-slap the kobold.
You kill the kobold!
No target in view!
You see here a +0 whip.
e - 2 scrolls labelled PASKET ATIF (gained 1) Key pressed, stopping explore.
No target in view!
No target in view! 😎 HP[+1]
Your hp is fully restored (25).
Key pressed, stopping explore.
No target in view!
No target in view!
i - a scroll labelled ICYGESEUSH No target in view!
No target in view!
G - an amulet of guardian spirit No target in view!
No target in view!
An adder comes into view.
The adder hisses angrily.
A worm comes into view.
There are monsters nearby!
There are monsters nearby!
The adder closely misses you.
You closely miss the adder. The adder bites you but does no damage.
There are monsters nearby!
You hit the adder but do no damage. The adder barely misses you.
You hit the adder. The adder bites you.
You are poisoned.
The adder poisons you! 😕 HP[-3]
You take 3 damage, and now have 22/25 hp.
You hit the adder but do no damage.
You feel sick.
The adder bites you but does no damage. x2
You barely miss the adder.
You feel sick. The adder barely misses you. 😕 HP[-2]
You take 2 damage, and now have 20/25 hp.
You hit the adder. The adder completely misses you.
You completely miss the adder.
Your tail-slap misses the adder.
You feel sick. The adder closely misses you. The worm bites you!
* * * LOW HITPOINT WARNING * * *
You miss the adder.
You feel sick.
The adder bites you but does no damage. 😨 HP[-10]
You take 10 damage, and now have 10/25 hp.
MASSIVE DAMAGE!! (PAUSE)
You hit the adder.
You feel sick.
You are no longer poisoned.
The adder misses you. The worm bites you!
You die...

Skill      XL: |  1  2 |
---------------+-------+-----
Short Blades   | 1 |  1.5
Dodging        | 2 |  2.0
Fighting       | |  0.5
Stealth        | |  2.8
Spellcasting   | |  2.1
Hexes          | |  3.4

Action                     || total
---------------------------++-------
  Melee: Dagger            ||    84
         Tailslap          ||     8
    Use: Scroll            ||     6
   Stab: Sleeping          ||     7
 Armour: Robe              ||    47
  Dodge: Dodged            ||    54

Levels and vault maps discovered:
D:1:      zaba_arrival_water, layout_basic
D:2:      layout_loops_corners, corexii_shack

Notes
Turn   | Place    | Note
-------+----------+-------------------------------------------
     0 | D:1      | kae the Demonspawn Enchanter began the quest for the Orb.
     0 | D:1      | Reached XP level 1. HP: 13/13 MP: 3/3
     0 | D:1      | magus.rc [v1.11.3]
   132 | D:1      | Reached skill level 1 in Short Blades
   290 | D:1      | Gained mutation: You have a small tail. [demonic ancestry]
   290 | D:1      | Reached XP level 2. HP: 14/19 MP: 5/5
   311 | D:1      | You pick up a book of Geomancy and begin reading...
   311 | D:1      | You add the spells Sandblast, Passwall, Stone Arrow and
                  | Brom's Barrelling Boulder to your library.
   935 | D:1      | Learned a level 2 spell: Ensorcelled Hibernation
   946 | D:2      | Identified the of Voutoty
  1017 | D:2      | Reached skill level 2 in Dodging
  1017 | D:2      | Reached XP level 3. HP: 25/25 MP: 6/6
  1288 | D:2      | Slain by a worm

Vanquished Creatures
  An adder (D:2)
  A ball python (D:1)
  4 endoplasms (D:1)
  3 hobgoblins (D:1)
  5 kobolds
  A quokka (D:1)
  2 bats (D:1)
  2 frilled lizards
  A goblin (D:2)
  2 rats
22 creatures vanquished.

Table legend:
 A = Non-vault XP
 B = Vault XP
 C = Vault XP percentage of total XP
 D = Non-vault monster count
 E = Vault monster count
 F = Vault count percentage of total count
                 A         B        C        D         E       F
            +---------+---------+-------+---------+---------+-------
      Total |      45 |       1 |   2.2 |      21 |       1 |   4.5
            +---------+---------+-------+---------+---------+-------
        D:1 |      28 |       0 |   0.0 |      16 |       0 |   0.0
        D:2 |      17 |       1 |   5.6 |       5 |       1 |  16.7
            +---------+---------+-------+---------+---------+-------

Skill      XL: |  1  2 |
---------------+-------+-----
Short Blades   | 1 |  1.5
Dodging        | 2 |  2.0
Fighting       | |  0.5
Stealth        | |  2.8
Spellcasting   | |  2.1
Hexes          | |  3.4

Action                     || total
---------------------------++-------
  Melee: Dagger            ||    84
         Tailslap          ||     8
    Use: Scroll            ||     6
   Stab: Sleeping          ||     7
 Armour: Robe              ||    47
  Dodge: Dodged            ||    54

Illustrated notes

Table legend:
 A = Kills in this place as a percentage of kills in the entire game.
 B = Kills by you in this place as a percentage of kills by you in the entire game.
 C = Kills by friends in this place as a percentage of kills by friends in the entire game.
 D = Other kills in this place as a percentage of other kills in the entire game.
 E = Experience gained in this place as a percentage of experience gained in the entire game.
 F = Experience gained in this place divided by the number of levels of this place that you have seen.
                   A       B       C       D       E      F
               +-------+-------+-------+-------+-------+----------------------
         Total | 100.0 | 100.0 |   N/A |   N/A | 100.0 |  23.0
       Dungeon | 100.0 | 100.0 |   N/A |   N/A | 100.0 |  23.0
               +-------+-------+-------+-------+-------+----------------------

Table legend: (Time is in decaauts)
 A = Elapsed time spent in this place.
 B = Non-inter-level travel time spent in this place.
 C = Inter-level travel time spent in this place.
 D = Time resting spent in this place.
 E = Time spent auto-exploring this place.
 F = Levels seen in this place.
 G = Mean time per level.
                   A        B        C        D        E       F      G
               +--------+--------+--------+--------+--------+-----+--------+
         Total |   1289 |   1278 |     11 |     35 |   1053 |   2 |  644.5 |
       Dungeon |   1289 |   1278 |     11 |     35 |   1053 |   2 |  644.5 |
               +--------+--------+--------+--------+--------+-----+--------+

Top non-repeatable levels by time:
     D:1: 948 daAuts
     D:2: 340 daAuts
